Map: Dreamcatcher LE

Players

cyan - Winner!

  • Race: Protoss Protoss
  • Spawn Location: 5:00

Cuddlebear

  • Race: Terran Terran
  • Spawn Location: 11:00

Event: WCS Austin 2018

VOD

Have the link to the VOD?

Description

Time

  • Played on: June 1, 2018, 5:38 p.m.
  • Length: 10:45

All games in this series

Show
View Real Time Build Order
Export as new Build Order

cyan Protoss - Winner!

Build Orders: 1 Gate Expand, Oracle Opening 

Get SALT Encoding   

  12  0:00  Probe  
  13  0:12  Probe  
  14  0:17  Pylon  
  14  0:24  Probe  
  15  0:32  Probe  
  15  0:37  Gateway  
  15  0:40  Probe  
  16  0:46  Assimilator  
  17  0:51  Probe  
  18  1:03  Probe  
  19  1:15  Probe  
  20  1:24  Nexus  
  20  1:34  Cybernetics Core  
  20  1:38  Probe  
  21  1:44  Assimilator  
  21  1:50  Probe  
  21  1:54  Pylon  
  22  2:02  Probe  
  22  2:03  Adept  
  23  2:14  Probe  
  25  2:17  Stargate  
  25  2:26  Probe, Warp Gate  
  25  2:29  Adept  
  26  2:33  Probe  
  28  2:38  Probe  
  28  2:41  Probe  
  30  2:51  Probe  
  32  2:52  Oracle, Probe  
  32  2:56  Adept  
  35  3:02  Probe  
  35  3:03  Probe  
  40  3:09  Pylon  
  40  3:10  Probe  
  40  3:15  Probe  
  40  3:19  Probe  
  43  3:27  Probe  
  43  3:31  Oracle  
  43  3:33  Probe  
  48  3:39  Gateway  
  48  3:42  Probe  
  48  3:45  Gateway  
  48  3:48  Probe, Pylon  
  49  3:54  Probe  
  51  4:00  Probe  
  52  4:06  Probe  
  51  4:11  Assimilator  
  51  4:12  Probe  
  51  4:14  Oracle  
  51  4:17  Shield Battery  
  55  4:18  Probe  
  55  4:24  Nexus  
  56  4:25  Probe  
  56  4:27  Pylon  
  56  4:30  Probe  
  58  4:37  Probe  
  59  4:39  Adept  
  59  4:42  Probe  
  59  4:45  Stalker x2  
  66  4:50  Shield Battery  
  66  4:51  Oracle  
  69  4:54  Pylon  
  69  4:57  Probe  
  70  5:01  Assimilator  
  70  5:02  Pylon  
  70  5:13  Probe x2  
  72  5:17  Twilight Council  
  72  5:19  Forge  
  72  5:20  Stalker x2  
  76  5:21  Sentry  
  76  5:25  Protoss Ground Weapons Level 1, Probe  
  76  5:27  Probe  
  76  5:35  Probe  
  76  5:37  Blink, Probe  
  71  5:43  Probe  
  71  5:48  Probe  
  73  5:50  Sentry x2  
  73  5:51  Gateway  
  73  5:52  Gateway  
  73  5:54  Gateway, Probe  
  73  5:55  Probe  
  73  5:56  Probe  
  79  5:58  Gateway  
  80  6:04  Gateway  
  80  6:06  Probe  
  80  6:07  Pylon  
  80  6:09  Probe x2  
  82  6:16  Pylon  
  83  6:20  Probe  
  83  6:21  Probe  
  85  6:30  Stalker  
  85  6:31  Stalker x2  
  88  6:36  Probe x2  
  88  6:37  Assimilator, Probe, Pylon  
  88  6:38  Assimilator  
  91  6:45  Robotics Facility  
  91  6:46  Pylon  
  91  6:47  Pylon  
  91  6:57  Pylon  
  91  7:00  Forge  
  91  7:01  Protoss Ground Armor Level 1  
  91  7:02  Photon Cannon  
  91  7:03  Pylon  
  91  7:06  Stalker, Pylon  
  93  7:09  Stalker, Pylon  
  93  7:11  Stalker  
  93  7:14  Stalker  
  99  7:18  Protoss Ground Weapons Level 2  
  99  7:19  Photon Cannon  
  96  7:23  Charge  
  96  7:25  Stalker x2  
  96  7:26  Stalker  
  99  7:31  Stalker  
  99  7:34  Observer  
  102  7:39  Stalker  
  104  7:45  Stalker x2  
  104  7:48  Stalker  
  104  7:49  Stalker  
  112  7:53  Stalker  
  112  7:56  Probe  
  113  7:59  Pylon  
  113  8:06  Pylon  
  113  8:08  Zealot x3  
  119  8:14  Immortal, Observer  
  119  8:15  Pylon  
  123  8:21  Robotics Bay  
  123  8:24  Robotics Facility  
  123  8:25  Sentry  
  123  8:26  Stalker  
  127  8:30  Stalker  
  129  8:35  Shield Battery  
  129  8:38  Stalker x2  
  133  8:42  Zealot x2  
  136  8:53  Stalker  
  136  8:54  Stalker, Zealot x2  
  140  8:58  Observer  
  140  9:02  Stalker, Zealot x3  
  149  9:10  Pylon  
  149  9:15  Colossus  
  147  9:20  Colossus  
  147  9:23  Pylon  
  159  9:36  Zealot x2  
  163  9:41  Zealot x2  
  163  9:45  Zealot  
  169  9:47  Zealot  
  169  9:50  Zealot x2  
  166  10:09  Probe x2  
  160  10:21  Nexus  
  160  10:23  Pylon  
  158  10:38  Zealot x4  
Show
View Real Time Build Order
Export as new Build Order

Cuddlebear Terran 

Build Orders: Reaper Expand, MMM Bio 

Get SALT Encoding   

  12  0:01  SCV  
  13  0:13  SCV  
  14  0:17  Supply Depot  
  14  0:25  SCV  
  15  0:38  SCV  
  15  0:39  Barracks  
  16  0:44  Refinery  
  16  0:50  SCV  
  17  1:02  SCV  
  18  1:15  SCV  
  19  1:27  Orbital Command, Reaper  
  20  1:45  Command Center  
  20  1:53  SCV  
  21  1:59  Barracks  
  21  2:02  Barracks Reactor  
  21  2:06  SCV  
  22  2:13  Supply Depot  
  22  2:18  SCV  
  22  2:19  Refinery  
  23  2:26  Barracks  
  23  2:35  SCV  
  24  2:40  Marine  
  24  2:41  Marine  
  26  2:47  Barracks Tech Lab  
  25  2:53  SCV  
  25  2:54  Engineering Bay  
  26  2:58  Marine x2  
  26  2:59  Orbital Command  
  28  3:05  SCV  
  28  3:07  Stimpack  
  29  3:13  Barracks Tech Lab  
  29  3:14  Marauder  
  29  3:19  SCV  
  32  3:22  Missile Turret  
  32  3:24  Marine  
  33  3:30  SCV  
  33  3:33  Marine  
  34  3:38  Combat Shields  
  34  3:39  Marine x2  
  36  3:43  Marine  
  36  3:46  Missile Turret  
  36  3:47  SCV  
  38  3:49  SCV  
  38  3:50  Marine  
  39  4:01  Marine  
  39  4:02  Marauder, Marine  
  41  4:06  SCV  
  41  4:07  SCV  
  41  4:08  Marine  
  45  4:14  Supply Depot  
  45  4:16  Terran Infantry Weapons Level 1  
  45  4:20  Refinery  
  45  4:22  Marine  
  46  4:35  Supply Depot, SCV x2  
  46  4:36  Marauder  
  52  4:38  Marauder  
  52  4:40  Marine  
  53  4:48  Refinery, SCV  
  54  4:56  Marine, SCV  
  54  4:59  Marine  
  56  5:00  Marauder, SCV  
  60  5:08  SCV, Factory  
  60  5:10  Marine  
  60  5:12  SCV  
  61  5:15  Marine  
  62  5:24  Supply Depot  
  62  5:26  Supply Depot  
  62  5:29  Marine  
  62  5:31  Supply Depot  
  62  5:33  SCV  
  62  5:36  Marauder  
  62  5:39  Marine  
  51  5:48  SCV  
  51  5:49  Barracks x2  
  47  5:50  Refinery  
  47  5:51  SCV  
  47  5:54  Starport  
  47  5:56  Factory Reactor  
  48  5:58  Marine  
  48  6:00  SCV  
  48  6:04  Marine  
  51  6:05  SCV  
  51  6:09  Marauder  
  54  6:11  Marine  
  54  6:12  SCV  
  54  6:13  Concussive Shells  
  54  6:17  SCV, Terran Infantry Armor Level 1  
  57  6:19  Marine  
  57  6:21  Marine  
  59  6:29  Marine  
  59  6:30  Marine  
  61  6:37  Marine, Barracks Tech Lab  
  61  6:39  Barracks Reactor, Marine  
  63  6:44  SCV  
  63  6:46  Supply Depot  
  64  6:47  Medivac x2, Factory Reactor  
  64  6:48  Marauder x2  
  72  6:54  SCV  
  72  6:55  Marine  
  72  6:56  SCV  
  72  6:57  Marine  
  72  7:00  Marauder  
  78  7:03  Supply Depot  
  78  7:05  Refinery, Supply Depot  
  78  7:08  Marine  
  78  7:09  Marine  
  78  7:13  Marine  
  81  7:21  Marauder  
  83  7:26  Marine  
  83  7:27  Marauder, Marine x2  
  88  7:31  Marauder, Marine  
  88  7:34  SCV  
  88  7:37  Medivac, Widow Mine x2  
  98  7:39  Medivac  
  98  7:42  Marine  
  101  7:47  Marine  
  101  7:48  Marauder  
  101  7:49  Marine, SCV  
  106  7:52  Marine x2  
  109  8:05  Supply Depot  
  109  8:06  Supply Depot  
  109  8:10  Marine  
  110  8:16  SCV  
  110  8:18  Marine  
  110  8:19  Marauder x2, Supply Depot x2  
  115  8:27  Marine  
  115  8:28  Marauder  
  115  8:30  Marine  
  119  8:35  Marine  
  119  8:36  Marine  
  119  8:37  Medivac, Widow Mine x2  
  124  8:50  Marauder, Marine  
  124  8:52  Marine  
  124  8:53  Liberator  
  124  8:54  Marine  
  124  9:00  Marauder  
  122  9:03  Command Center  
  122  9:08  Marine  
  122  9:09  Marauder  
  125  9:16  Armory  
  128  9:20  Widow Mine x2  
  128  9:23  Medivac  
  134  9:26  Marauder  
  134  9:27  Marine  
  134  9:30  Marine  
  138  9:34  Marauder, Marine  
  131  9:49  Marauder, Marine  
  119  9:55  Marauder, Marine x2  
  107  10:01  Marine  
  107  10:02  Marauder  
  107  10:07  Marine  
  104  10:11  Marauder  
  104  10:12  Marine  
  98  10:16  Marine  
  98  10:17  Marauder  
  98  10:19  Marine  
  98  10:21  SCV  
  88  10:23  Marine  
  88  10:24  Marine  
Tags
 
Add a new tag
Caveats
  • Supply blocks, unpowered buildings, or Contaminate may cause inaccurate times.
  • Supply counts are checked every 10 seconds.